 Dungeon Crawl Stone Soup version 0.17.1-3-g152610e (webtiles) character file.

63 Gargoyl the Skirmisher (level 3, -5/29 HPs)
             Began as a Demonspawn Abyssal Knight on Mar 17, 2016.
             Was a Believer of Lugonu.
             Slain by Crazy Yiuf
             ... wielding a +3 quarterstaff of chaos
              (10 damage)
             ... on level 2 of the Dungeon.
             The game lasted 00:03:19 (1800 turns).

Gargoyl the Skirmisher (Demonspawn Abyssal Knight)  Turns: 1800, Time: 00:03:19

Health: -5/29      AC:  3    Str: 13    XL:     3   Next: 89%
Magic:  5/5        EV: 11    Int: 13    God:    Lugonu [**....]
Gold:   80         SH:  0    Dex: 12    Spells: 0 memorised, 2 levels left

rFire  + . .     SeeInvis .     a - +1 hand axe
rCold  x . .     Clarity  .     b - +0 leather armour
rNeg   . . .     SustAt   .     (no shield)
rPois  .         Gourm    .     (no helmet)
rElec  .         Spirit   .     (no cloak)
rCorr  .         Warding  .     (no gloves)
rMut   .         Stasis   .     (no boots)
MR     .....                    e - amulet of rage
Stlth  ++........               (no ring)
                                f - ring of fire

@: flying, drained, not resistant to hostile enchantments, unstealthy
A: nightstalker 1
a: Depart the Abyss, Bend Space, Renounce Religion, Evoke Berserk Rage


You were on level 2 of the Dungeon.
You worshipped Lugonu.
Lugonu was pleased with you.
You were not hungry.

You visited 1 branch of the dungeon, and saw 2 of its levels.
You visited the Abyss 1 time.

You collected 80 gold pieces.

Inventory:

Hand Weapons
 a - a +1 hand axe (weapon)
Armour
 b - a +0 leather armour (worn)
Jewellery
 e - an amulet of rage (around neck)
 f - a ring of fire (left hand)
 i - an uncursed ring of protection from fire {unknown}
Scrolls
 d - 3 scrolls of identify {unknown}
 g - 2 scrolls of teleportation {unknown}
 h - a scroll of remove curse {unknown}
Comestibles
 c - a bread ration
 l - a meat ration


   Skills:
 + Level 3.5(2.5) Fighting
 + Level 2.3(1.4) Axes
 + Level 2.0(1.1) Armour
 + Level 1.6(0.7) Dodging
 + Level 0.8(0.0) Stealth
 + Level 2.9(2.0) Invocations


You had 2 spell levels left.
You didn't know any spells.

Dungeon Overview and Level Annotations

Branches:
Dungeon (2/15)

Altars:

Annotations:
D:2 Crazy Yiuf


Innate Abilities, Weirdness & Mutations

You are slightly more attuned to the shadows.


Message History

* * * LOW HITPOINT WARNING * * *
Crazy Yiuf freezes you.
* * * LOW HITPOINT WARNING * * *
Drink which item? (? for menu, Esc to quit)
It was a potion of curing.
You feel better.
Crazy Yiuf hits you with a quarterstaff of chaos.
* * * LOW HITPOINT WARNING * * *
Drink which item? (? for menu, Esc to quit)
You feel better. Crazy Yiuf completely misses you.
Drink which item? (? for menu, Esc to quit)
It was a potion of flight.
You feel very buoyant.
You fly up into the air.
Crazy Yiuf hits you with a quarterstaff of chaos.
* * * LOW HITPOINT WARNING * * *
Crazy Yiuf freezes you.
* * * LOW HITPOINT WARNING * * *
You fail to use your ability.
Crazy Yiuf hits you with a quarterstaff of chaos!
You die...

#.###.####
#....#
#.##.....#
##...#
###.##..##.#
##.##
........##.#
##.#
#.#.##...).#
#.##
..#.######.#
##.# ###.#
#....# #.##
#...###.####
##.## .....##.#
#.@.#
.....##.####
#.g.#
.....##....#
#)..#
.....##.)###
#####
.....#...###
....[#.#...#####
.....#...##.##.#
###.##.##.#
#.......#


You could see Crazy Yiuf.

Vanquished Creatures
  An ooze (D:1)
  3 giant geckos
  4 giant cockroaches
  7 goblins
  4 hobgoblins (D:1)
  8 jackals (D:1)
  3 bats
  4 giant newts
  7 kobolds
  13 rats (D:1)
54 creatures vanquished.

Notes
Turn   | Place    | Note
--------------------------------------------------------------
     0 | Abyss:1  | Gargoyl the Demonspawn Abyssal Knight began the quest for the Orb.
     0 | Abyss:1  | Reached XP level 1. HP: 18/18 MP: 2/2
    27 | Abyss:1  | Noticed a quasit
    34 | D:1      | Escaped the Abyss
    50 | D:1      | Reached skill level 1 in Dodging
   130 | D:1      | Reached * piety under Lugonu
   141 | D:1      | Gained mutation: You are slightly more attuned to the shadows. [demonic ancestry]
   141 | D:1      | Reached XP level 2. HP: 10/24 MP: 4/4
   816 | D:1      | Reached XP level 3. HP: 27/29 MP: 5/5
  1099 | D:1      | Reached ** piety under Lugonu
  1791 | D:2      | Noticed Crazy Yiuf
  1800 | D:2      | Slain by Crazy Yiuf

Action                   || total
-------------------------++-------
Melee: Hand axe          ||   145
Invok: Depart the Abyss  ||     1
  Use: Potion            ||     3
 Stab: Sleeping          ||     7
  Eat: Chunk             ||     3
